 Dungeon Crawl Stone Soup version 0.31.0-32-g396128a36d (webtiles) character file.

Game seed: 464355619763005766

133 PaiMei the Grave Robber (level 4, 0/33 HPs)
             Began as a Demonspawn Necromancer on Mar 29, 2024.
             Slain by a cerulean imp
             ... wielding a +1 spear
             ... summoned by Natasha
              (3 damage)
             ... on level 2 of the Dungeon.
             The game lasted 00:02:39 (2505 turns).

PaiMei the Grave Robber (Demonspawn Necromancer)    Turns: 2505, Time: 00:02:40

Health: 0/33       AC:  5    Str:  8    XL:     4   Next: 94%
Magic:  0/8        EV: 12    Int: 18    God:
Gold:   113        SH:  0    Dex: 13    Spells: 7/8 levels left

rFire   . . .        d - +0 club
rCold   . . .        (no shield)
rNeg    . . .        a - +0 robe
rPois   .            (no helmet)
rElec   .            (no cloak)
rCorr   .            e - +0 pair of gloves
SInv    .            (no boots)
Will    +....        (no amulet)
Stlth   ++           f - ring of willpower
HPRegen 0.25/turn    (no ring)
MPRegen 0.11/turn

%: no passive effects
@: very slightly contaminated
A: thin metallic scales 1, foul stench 1
a: no special abilities


You were on level 2 of the Dungeon.
You visited 1 branch of the dungeon, and saw 2 of its levels.

You collected 113 gold pieces.

Inventory:

Hand Weapons
 d - a +0 club (weapon)
Armour
 a - a +0 robe (worn)
 e - a +0 pair of gloves (worn)
Jewellery
 f - a ring of willpower (left hand)
 k - a +4 ring of slaying
Scrolls
 c - 2 scrolls of identify {unknown}
 g - a scroll of enchant armour {unknown}
 h - 2 scrolls of brand weapon {unknown}
 i - a scroll of revelation {unknown}
Potions
 b - a potion of magic
 j - a potion of curing {unknown}


   Skills:
 + Level 1.8 Fighting
 + Level 2.8 Dodging
 - Level 2.0 Stealth
 + Level 2.9 Spellcasting
 + Level 5.1 Necromancy


You had 7 spell levels left.
You knew the following spells:

 Your Spells              Type           Power      Damage    Failure   Level
a - Necrotise             Necr           84%        1d8       1%          1

Your spell library contained the following spells:

 Spells                   Type           Power      Damage    Failure   Level
 Vampiric Draining        Necr           21%        2d7       6%          3
 Magic Dart               Conj           8%         1d3       17%         1
 Animate Dead             Necr           21%        N/A       21%         4
 Searing Ray              Conj           4%         2d4       26%         2
 Stone Arrow              Conj/Erth      4%         3d7       45%         3
 Martyr's Knell           Necr/Summ      11%        N/A       50%         4
 Curse of Agony           Necr           21%        N/A       50%         5
 Animate Armour           Summ/Erth      4%         N/A       86%         4
 Fulminant Prism          Conj/Alch      1%         3d5       86%         4
 Summon Forest            Summ/Tloc      1%         N/A       99%         5
 Summon Mana Viper        Hex/Summ       2%         N/A       99%         5
 Summon Cactus Giant      Summ           1%         N/A       100%        6
 Lehudib's Crystal Spear  Conj/Erth      1%         10d2      100%        8


Dungeon Overview and Level Annotations

Branches:
Dungeon (2/15)

Altars:

Shops:
D:2 *

Annotations:
D:2 Natasha


Innate Abilities, Weirdness & Mutations

You are partially covered in thin metallic scales. (AC +2)
You may rarely emit foul miasma when damaged in melee.


Message History

Casting: Necrotise (safe; 1% risk of failure)
Confirm with . or Enter, or press ? or * to list all spells.
Aiming: Necrotise (safe; 1% risk of failure)
Press: ? - help, Shift-Dir - straight line, f/p - Natasha
Aim: Natasha (almost dead, chance to affect: 80%)
You miscast Necrotise.
You are very lightly contaminated with residual magic.
Nothing appears to happen.
Natasha closely misses you.
The cerulean imp hits you with a +1 spear.
The cerulean imp misses you.
You hit Natasha.
Natasha is almost dead.
Natasha barely misses you.
The cerulean imp hits you from afar with a +2 spear.
The cerulean imp hits you but does no damage.
Natasha misses you.
You hit Natasha but do no damage.
Natasha is almost dead.
The cerulean imp closely misses you.
The cerulean imp hits you but does no damage.
Natasha claws you.
* * * LOW HITPOINT WARNING * * *
You barely miss Natasha.
Natasha is almost dead.
The cerulean imp hits you but does no damage. x2
Natasha casts a spell at you. The magic dart hits you!
* * * LOW HITPOINT WARNING * * *
Casting: Necrotise (safe; 1% risk of failure)
Confirm with . or Enter, or press ? or * to list all spells.
Aiming: Necrotise (safe; 1% risk of failure)
Press: ? - help, Shift-Dir - straight line, f/p - Natasha
Aim: Natasha (almost dead, chance to affect: 80%) Natasha barely resists.
The cerulean imp barely misses you. x2
Natasha closely misses you.
You barely miss Natasha.
Natasha is almost dead.
The cerulean imp closely misses you.
The cerulean imp hits you with a +1 spear.
You die...

###.##.# #.# #............#...
###.##.###'#### #............#.#.
....##........# #................
.#####........# #............#.#.
.#####........###............#...
.......#.....###............#####
########.#.#.###.##########......
# #...#.#.#..5..#####.....#... #
#.###....#.@.5.............# #
#.....#....h#.#####.....#... #
#####.#<#...#.# #....#....
######.......#...#.# #....#....
##.....###.#.###.#.### #.#..#.#..
##.#####......##.#...###'#..#.<..
##.# ##.#......###.##........#.
##.# #.#...##.# #..'.....#....
##.# #.#...##.######..........


You could see Natasha and 2 cerulean imps.

Vanquished Creatures
  Natasha (twice) (D:2)
  2 adders (D:2)
  6 ball pythons
  5 bats
  10 endoplasms
  2 giant cockroaches (D:1)
  10 goblins
  7 hobgoblins
  3 quokkas (D:1)
  4 frilled lizards
  3 kobolds (D:1)
  3 rats
57 creatures vanquished.

Vanquished Creatures (collateral kills)
  2 endoplasms (D:1)
  A ball python (D:1)
  A rat (D:1)
4 creatures vanquished.

Grand Total: 61 creatures vanquished

Notes
Turn   | Place    | Note
-------+----------+-------------------------------------------
     0 | D:1      | PaiMei the Demonspawn Necromancer began the quest for the
                  | Orb.
     0 | D:1      | Reached XP level 1. HP: 13/13 MP: 3/3
   194 | D:1      | Gained mutation: You may rarely emit foul miasma when
                  | damaged in melee. [demonic ancestry]
   194 | D:1      | Reached XP level 2. HP: 19/19 MP: 0/5
   936 | D:1      | Reached XP level 3. HP: 14/25 MP: 0/6
  1168 | D:1      | Reached skill level 1 in Fighting
  1583 | D:2      | Gained mutation: You are partially covered in thin metallic
                  | scales. (AC +2) [demonic ancestry]
  1583 | D:2      | Reached XP level 4. HP: 28/32 MP: 1/7
  1679 | D:2      | Noticed Natasha
  1689 | D:2      | Killed Natasha
  1690 | D:2      | Reached skill level 5 in Necromancy
  1967 | D:2      | Noticed Natasha
  1975 | D:2      | Killed Natasha
  2045 | D:2      | Noticed a black bear
  2295 | D:2      | Found Poedai Raka's General Store.
  2471 | D:2      | Found a faded altar of an unknown god.
  2490 | D:2      | Noticed Natasha
  2505 | D:2      | Slain by a cerulean imp

Illustrated notes

Levels and vault maps discovered:
D:1:      sevenhm_arrival_forest_fort_large_4, layout_loops_cross,
          ebering_dispersal_statue_hall, minmay_cupped
D:2:      layout_basic, shapermc_ecumenical_altar_mp_urbaneastern, serial_shops,
          shop, minmay_door_square, uniq_natasha

Skill      XL: |  1  2  3  4 |
---------------+-------------+-----
Dodging        | 2 |  2.8
Stealth        | 2 |  2.0
Fighting       | 1 |  1.8
Necromancy     | 5 |  5.1
Spellcasting   | |  2.9

Action                     |  1- 3 |  4- 6 || total
---------------------------+-------+-------++-------
  Melee: Club              |    28 |     8 ||    36
   Cast: Necrotise         |    72 |    46 ||   118
 Armour: Robe              |    23 |    23 ||    46
  Dodge: Dodged            |    33 |    25 ||    58
